 Dungeon Crawl Stone Soup version bcrawl-1.21.2-20-g6d45ba5942 (webtiles) character file.

Game seed: 10752603377126708260

46 BeastOfSaturn the Grave Robber (level 3, -1/25 HPs)
             Began as a Demonspawn Necromancer on Mar 4, 2020.
             Killed by nerve-wracking pain
             ... invoked by Jessica
              (10 damage)
             ... on level 2 of the Dungeon.
             The game lasted 00:09:31 (1793 turns).

BeastOfSaturn the Grave Robber (DsNe)               Turns: 1793, Time: 00:09:32

Health: -1/25      AC:  6    Str:  9    XL:     3   Next: 44%
Magic:  6/6        EV: 16    Int: 16    God:
Gold:   75         SH:  0    Dex: 18    Spells: 1/6 levels left

rFire    . . .     SeeInvis .   f - +0 spear
rCold    . . .     Gourm    .   (no shield)
rNeg     . . .     Faith    .   g - +0 ring mail
rPois    .         Spirit   .   (no helmet)
rElec    .         Reflect  .   k - scarf {cloud immunity}
rCorr    .         Harm     .   (no gloves)
MR       .....                  d - +0 pair of boots
Stlth    +++.......             (no amulet)
HPRegen  0.08/turn              (no ring)
MPRegen  0.10/turn              (no ring)

@: agile
A: powered by pain 1
a: no special abilities


You were on level 2 of the Dungeon.
You were not hungry.

You visited 1 branch of the dungeon, and saw 2 of its levels.

You collected 75 gold pieces.

Inventory:

Hand Weapons
 f - a +0 spear (weapon)
Armour
 d - a +0 pair of boots (worn)
 g - a +0 ring mail (worn)
 i - a +0 scale mail
 k - a scarf of cloud immunity (worn)
Scrolls
 c - 2 scrolls of identify
 h - 2 scrolls of teleportation {unknown}
Potions
 b - a potion of haste {unknown}
 j - 2 potions of degeneration
 l - a potion of flight {unknown}
Comestibles
 e - a ration {!d}


   Skills:
 * Level 0.6 Fighting
 * Level 1.1 Polearms
 * Level 0.3 Armour
 + Level 2.0 Dodging
 - Level 2.0 Stealth
 - Level 2.0 Spellcasting
 * Level 5.2 Necromancy


You had one spell level left.
You knew the following spells:

 Your Spells              Type           Power        Failure   Level  Hunger
a - Animate Skeleton      Necr           N/A          7%          1    #......
b - Pain                  Necr           ###...       7%          1    #......
c - Vampiric Draining     Necr           ###.......   21%         3    ###....

Your spell library contained the following spells:

 Spells                   Type           Power        Failure   Level  Hunger
 Regeneration             Chrm/Necr      #.........   52%         3    ###....
 Animate Dead             Necr           N/A          56%         4    #####..
 Bolt of Draining         Conj/Necr      #.........   99%         5    ######.


Dungeon Overview and Level Annotations

Branches:
Dungeon (2/12)

Altars:

Annotations:
D:2 Jessica


Innate Abilities, Weirdness & Mutations

You sometimes gain a little power by taking damage.


Message History

You kill the worm!
Your Dodging skill increases to level 2!
You see here a worm corpse.
You start resting.
All of the chunks of flesh in your inventory have rotted away.
Jessica is too close now for your liking.
Jessica gestures at you while chanting.
You barely resist.
Attack whom?
Press: ? - help, Dir - move target cursor, f - Jessica
Aim: Jessica, wearing a +0 robe You reach to attack!
You closely miss Jessica. You hit Jessica.
Jessica is lightly wounded.
Jessica points at you and mumbles some strange words.
Pain shoots through your body!
You focus on the pain.
You feel agile all of a sudden. Jessica gestures at you while chanting.
Pain shoots through your body!
You die...

##### ....# ....#
....### ......#####
....#.>...####
....####.....#####
....#
#..##.†..@########
#####
##....###..@......
##...# ######.###
#.#.### ... ###
#.#...##.# ##..#
##.###....# #....
#..##...### ...###
##.###.#..####......
#......##...#.....#


You could see Jessica.

Vanquished Creatures
  An adder (D:2)
  2 worms (D:2)
  2 leopard geckos
  5 bats
  2 giant cockroaches
  2 goblins
  3 hobgoblins
  2 jackals (D:2)
  4 kobolds
  3 rats
26 creatures vanquished.

Vanquished Creatures (collateral kills)
  A leopard gecko (D:1)
  A ball python (D:1)
  A goblin (D:1)
  A hobgoblin (D:1)
  A bat (D:1)
  A frilled lizard (D:1)
  A kobold (D:1)
  A rat (D:1)
8 creatures vanquished.

Grand Total: 34 creatures vanquished

Notes
Turn   | Place    | Note
-------+----------+-------------------------------------------
     0 | D:1      | BeastOfSaturn the Demonspawn Necromancer began the quest
                  | for the Orb.
     0 | D:1      | Reached XP level 1. HP: 13/13 MP: 3/3
   380 | D:1      | Gained mutation: You sometimes gain a little power by
                  | taking damage. [demonic ancestry]
   380 | D:1      | Reached XP level 2. HP: 16/19 MP: 3/5
   653 | D:1      | Reached skill level 5 in Necromancy
  1040 | D:2      | Noticed Jessica
  1511 | D:2      | Reached XP level 3. HP: 25/25 MP: 6/6
  1523 | D:2      | Learned a level 3 spell: Vampiric Draining
  1652 | D:2      | Reached skill level 1 in Polearms
  1793 | D:2      | Killed from afar by Jessica

Skill      XL: |  1  2  3 |
---------------+----------+-----
Necromancy     | 5 |  5.2
Polearms       | 1 |  1.1
Dodging        | 2 |  2.0
Fighting       | |  0.6
Armour         | |  0.3
Stealth        | |  2.0
Spellcasting   | |  2.0

Action                   || total
-------------------------++-------
Melee: Spear             ||   175
 Cast: Animate Skeleton  ||    15
       Pain              ||     5
  Use: Scroll            ||     1
 Stab: Sleeping          ||     3
       Distracted        ||     1
  Eat: Ration            ||     1
Armor: Robe              ||    16
       Ring mail         ||    29
Dodge: Dodged            ||    75
